 Dungeon Crawl Stone Soup version 0.31-a0-949-g57150269e1 (webtiles) character file.

Game seed: 3278777658568624676

17451 Ekaitz the Geomancer (level 12, -8/60 HPs)
             Began as a Deep Elf Earth Elementalist on Oct 20, 2023.
             Was an Elder of Vehumet.
             Mangled by a blink frog (13 damage)
             ... on level 11 of the Dungeon on Oct 21, 2023.
             The game lasted 00:47:34 (13666 turns).

Ekaitz the Geomancer (Deep Elf Earth Elementalist) Turns: 13666, Time: 00:47:35

Health: -8/60      AC:  7    Str:  9    XL:     12   Next: 19%
Magic:  4/28       EV: 21    Int: 22    God:    Vehumet [****..]
Gold:   2252       SH:  0    Dex: 15    Spells: 11/31 levels left

rFire   . . .        f - +1 dagger (venom)
rCold   + . .        (no shield)
rNeg    . . .        R - +1 steam dragon scales
rPois   .            D - +0 helmet
rElec   .            (no cloak)
rCorr   .            (no gloves)
SInv    .            (no boots)
Will    +....        Y - amulet of magic regeneration
Stlth   +++          n - +5 ring of evasion
HPRegen 0.30/turn    A - ring of protection from cold
MPRegen 0.61/turn

%: no passive effects
@: no status effects
A: no striking features
a: Renounce Religion


You were on level 11 of the Dungeon.
You worshipped Vehumet.
Vehumet was greatly pleased with you.
You visited 3 branches of the dungeon, and saw 13 of its levels.
You also visited: Ossuary and Bailey.

You collected 2504 gold pieces.
You spent 252 gold pieces at shops.

Inventory:

Hand Weapons
 f - a +1 dagger of venom (weapon)
 O - a +0 long sword of flaming
 P - a +4 vampiric trident
 Q - a +1 rapier of protection
Missiles
 a - 4 atropa-tipped darts
 c - 19 poisoned darts
 z - 8 curare-tipped darts
 Z - 5 throwing nets
Armour
 D - a +0 helmet (worn)
 R - +1 steam dragon scales (worn)
 S - the +2 ring mail of the Bespelled God {rN+ Int+3}
   (You took it off a goblin on level 4 of the Dungeon)

   Int+3:     It affects your intelligence (+3).
   rN+:       It protects you from negative energy.
 U - a +2 robe of cold resistance
Jewellery
 n - a +5 ring of evasion (left hand)
 A - a ring of protection from cold (right hand)
 H - a ring of ice
 V - a ring of fire
 W - an amulet of reflection
 Y - an amulet of magic regeneration (around neck)
Talismans
 d - a serpent talisman
 T - a blade talisman
Wands
 j - a wand of iceblast (4)
 v - a wand of flame (14)
 x - a wand of mindburst (19)
 L - a wand of charming (2)
Scrolls
 g - 2 scrolls of enchant armour {unknown}
 h - 2 scrolls of poison
 m - 4 scrolls of fear {unknown}
 p - 3 scrolls of enchant weapon {unknown}
 q - 3 scrolls of revelation {unknown}
 r - a scroll of noise {unknown}
 s - 2 scrolls of amnesia {unknown}
 t - 8 scrolls of teleportation
 u - 3 scrolls of fog
 w - a scroll of brand weapon {unknown}
 y - a scroll of torment {unknown}
 B - 9 scrolls of vulnerability {unknown}
 C - 3 scrolls of blinking {unknown}
 F - 3 scrolls of immolation {unknown}
 M - 2 scrolls of silence {unknown}
Potions
 b - 4 potions of magic
 e - a potion of haste
 i - 2 potions of brilliance
 k - 3 potions of mutation {unknown}
 l - 3 potions of invisibility {unknown}
 o - 4 potions of heal wounds
 E - 2 potions of might
 G - 2 potions of berserk rage {unknown}
 I - 2 potions of curing
 J - 3 potions of resistance
 K - a potion of ambrosia
 N - a potion of cancellation {unknown}
 X - 2 potions of degeneration {unknown}


   Skills:
 + Level 1.0 Fighting
 + Level 3.1 Short Blades
 * Level 8.8 Dodging
 + Level 6.7 Stealth
 + Level 10.2 Spellcasting
 * Level 9.1 Conjurations
 * Level 3.8 Necromancy
 + Level 1.9 Transmutations
 + Level 3.0 Fire Magic
 * Level 11.4 Earth Magic
 + Level 6.0 Evocations
 * Level 6.7 Shapeshifting


You had 11 spell levels left.
You knew the following spells:

 Your Spells              Type           Power      Damage    Failure   Level
a - Sandblast             Erth           100%       2d20      1%          1
b - Passwall              Tmut/Erth      33%        N/A       1%          2
c - Stone Arrow           Conj/Erth      100%       3d13      1%          3
d - Brom's Barrelling Bo  Conj/Erth      54%        2d7       1%          4
e - Petrify               Tmut/Erth      40%        N/A       3%          4
f - Foxfire               Conj/Fire      100%       2x1d9     1%          1
g - Iskenderun's Battles  Conj           50%        2d10      1%          5

Your spell library contained the following spells:

 Spells                   Type           Power      Damage    Failure   Level
 Freeze                   Ice            44%        1d6       1%          1
 Sublimation of Blood     Necr           28%        N/A       1%          2
 Hailstorm                Conj/Ice       31%        3d8       1%          3
 Wereblood                Tmut           19%        N/A       4%          2
 Irradiate                Conj/Tmut      17%        3d17      4%          5
 Cigotuvi's Dreadful Rot  Necr/Pois/Air  32%        N/A       5%          2
 Frozen Ramparts          Ice            22%        1d4       5%          3
 Ensorcelled Hibernation  Hex/Ice        22%        N/A       9%          2
 Animate Dead             Necr           28%        N/A       12%         4
 Dispel Undead            Necr           28%        3d13      12%         4
 Olgreb's Toxic Radiance  Pois           11%        N/A       16%         4
 Swiftness                Air            11%        N/A       19%         3
 Death Channel            Necr           14%        N/A       88%         6
 Haunt                    Necr/Summ      9%         N/A       100%        7
 Discord                  Hex            5%         N/A       100%        8
 Ignition                 Fire           12%        3d6       100%        8
 Infestation              Necr           14%        N/A       100%        8


Dungeon Overview and Level Annotations

Branches:
Dungeon (11/15)            Temple (1/1) D:5            Lair (1/5) D:11
    Orc (0/2) D:9         Ossuary (visited)          Bailey (visited)

Altars:
Ashenzari
Cheibriados
Dithmenos
Elyvilon
Fedhas
Gozag
Hepliaklqana
Kikubaaqudgha
Makhleb
Nemelex Xobeh
Okawaru
Qazlal
Ru
Sif Muna
Trog
Uskayaw
Vehumet
Wu Jian
Xom
Yredelemnul
Zin
The Shining One

Shops:
D:3 :   D:4 [?   D:8 ?

Annotations:
D:10 exclusion: wraith, Josephine


Message History

The blink frog hits you!
* * * LOW HITPOINT WARNING * * *
The blink frog blinks!
The wyvern completely misses you.
Unknown command.
There is a staircase back to the Dungeon here.
The wyvern barely misses you. The blink frog misses you.
The wyvern completely misses you. The blink frog completely misses you.
The blink frog misses you.
You climb upwards.
Welcome back to the Dungeon!
There is a staircase to the Lair here.
Unknown command.
Casting: Stone Arrow (safe; 1% risk of failure)
Confirm with . or Enter, or press ? or * to list all spells.
Aiming: Stone Arrow (safe; 1% risk of failure)
Press: ? - help, Shift-Dir - straight line, f - wyvern
Aim: a wyvern (severely wounded, 78% to hit)
The stone arrow hits the wyvern!
The wyvern is almost dead.
The wyvern misses you. The blink frog hits you!
* * * LOW HITPOINT WARNING * * *
The blink frog blinks!
Casting: Stone Arrow (safe; 1% risk of failure)
Confirm with . or Enter, or press ? or * to list all spells.
Aiming: Stone Arrow (safe; 1% risk of failure)
Press: ? - help, Shift-Dir - straight line, f/p - wyvern
Aim: a wyvern (almost dead, 78% to hit)
The stone arrow hits the wyvern!
You kill the wyvern!
Vehumet accepts your kill.
You feel your power returning.
Casting: Stone Arrow (safe; 1% risk of failure)
Confirm with . or Enter, or press ? or * to list all spells.
You conjure some foxfire!
Unknown command.
Casting: Foxfire (safe; 1% risk of failure)
Confirm with . or Enter, or press ? or * to list all spells.
You conjure some foxfire!
The foxfire hits the blink frog.
The blink frog is lightly wounded.
The blink frog hits you!
You die...

###.#'#.###<........####...##
#.#.#.'..........## ##..####
#.#########.....## #.....#
#.# ##...## #.###.# #.# ##'##
#.# #.# #.# #.# #.###.# #.#
#.###### #.....# #.#
########§v....# ###.###
#.####.......v@F#..######.#
#............v§...........#
######.###.#...#.#..#######
#.# #.#...#.#.#.# #.#
#.......#..##
#.######......##
#..........#.##
###########.## ###


You could see a blink frog (ally target).

Vanquished Creatures
  Harold (D:10)
  2 vault guards (Bailey)
  3 two-headed ogres
  Urug (D:10)
  Sonja (D:10)
  An unseen horror (D:11)
  Maggie (D:7)
  A komodo dragon (D:11)
  Jeremiah (D:7)
  A troll (D:9)
  A hornet (D:10)
  Prince Ribbit (Bailey)
  A blink frog (Lair:1)
  A shadow (D:11)
  A wraith (D:10)
  5 humans (Bailey)
  2 wyverns
  19 yaks
  2 acid dragons
  5 water moccasins
  Duvessa (D:7)
  A hornet zombie (Ossuary)
  3 ice beasts
  2 orc warriors
  A black bear (D:6)
  2 ogres
  5 wolves (Lair:1)
  5 centaurs
  12 bullfrogs
  An elf zombie (D:6)
  3 kobold brigands
  2 scorpions (D:5)
  4 wyvern zombies (Ossuary)
  4 water moccasin zombies (Ossuary)
  11 wights
  Dowan (D:7)
  9 killer bees (D:11)
  3 howler monkeys
  6 centaur zombies (Ossuary)
  3 jellies
  6 bullfrog zombies (Ossuary)
  3 orc priests
  3 hounds
  3 sleepcaps
  3 human skeletons (D:6)
  An iguana (D:4)
  6 orc wizards
  A scorpion simulacrum (D:4)
  4 howler monkey zombies (Ossuary)
  12 mummies (Ossuary)
  8 gnolls
  9 adders
  A hound simulacrum (D:4)
  A shadow imp (D:8)
  A white imp (D:8)
  A howler monkey simulacrum (D:4)
  4 ufetubi
  9 worms (D:4)
  The ghost of Kurtz the Sneak, a weakling NaDe (D:4)
  A dart slug (D:1)
  3 adder simulacra (D:4)
  30 orcs
  9 ball pythons
  6 endoplasms
  3 giant cockroaches
  8 goblins
  13 hobgoblins
  5 jackals
  18 kobolds
  A quokka (D:2)
  3 bats
  A frilled lizard (D:2)
  An orc skeleton (D:6)
  An orc zombie (D:6)
  4 rats
314 creatures vanquished.

Vanquished Creatures (collateral kills)
  An orc priest (D:7)
  An orc (D:7)
  4 boulders
6 creatures vanquished.

Vanquished Creatures (others)
  3 boulders
  409 foxfires
412 creatures vanquished.

Grand Total: 732 creatures vanquished

Notes
Turn   | Place    | Note
-------+----------+-------------------------------------------
     0 | D:1      | Ekaitz the Deep Elf Earth Elementalist began the quest for
                  | the Orb.
     0 | D:1      | Reached XP level 1. HP: 10/10 MP: 6/6
   120 | D:1      | Reached XP level 2. HP: 15/15 MP: 2/8
   123 | D:1      | Learned a level 2 spell: Passwall
   451 | D:1      | Reached skill level 4 in Earth Magic
   852 | D:2      | Reached XP level 3. HP: 19/19 MP: 4/9
   856 | D:2      | Learned a level 3 spell: Stone Arrow
  1059 | D:2      | Reached XP level 4. HP: 24/24 MP: 7/11
  1064 | D:2      | Learned a level 4 spell: Brom's Barrelling Boulder
  1631 | D:3      | Found Numn's Book Emporium.
  1903 | D:3      | Noticed an ogre
  1909 | D:3      | Killed an ogre
  1910 | D:3      | Reached skill level 1 in Conjurations
  1910 | D:3      | Reached skill level 5 in Earth Magic
  1910 | D:3      | Reached XP level 5. HP: 28/28 MP: 6/13
  2559 | D:4      | Found a runed translucent gate.
  2561 | D:4      | Found a runed translucent gate.
  2563 | D:4      | Found a runed translucent gate.
  2669 | D:4      | Identified the +2 ring mail of the Bespelled God {rN+
                  | Int+3}
  2798 | D:4      | Found Inubak's Magic Scroll Boutique.
  2815 | D:4      | Bought a scroll of teleportation for 39 gold pieces
  2815 | D:4      | Bought a scroll of fog for 52 gold pieces
  2815 | D:4      | Bought a scroll of identify for 26 gold pieces
  2881 | D:4      | Found Liahilan's Antique Armour Boutique.
  2915 | D:4      | Reached XP level 6. HP: 32/32 MP: 9/14
  3218 | D:4      | Learned a level 4 spell: Petrify
  3540 | D:4      | Noticed an ice beast
  3541 | D:4      | Noticed Kurtz's ghost (weakling NaDe)
  3577 | D:5      | Entered Level 5 of the Dungeon
  3696 | D:5      | Reached skill level 5 in Spellcasting
  3696 | D:5      | Reached skill level 6 in Earth Magic
  3892 | D:5      | Reached skill level 1 in Short Blades
  3892 | D:5      | Reached XP level 7. HP: 36/36 MP: 13/16
  4151 | D:5      | Found a staircase to the Ecumenical Temple.
  4160 | Temple   | Entered the Ecumenical Temple
  4221 | Temple   | Became a worshipper of Vehumet
  4668 | D:6      | Reached skill level 1 in Evocations
  4672 | D:6      | Reached skill level 1 in Shapeshifting
  4685 | D:6      | Reached XP level 8. HP: 27/41 MP: 13/19
  4747 | D:6      | Reached skill level 7 in Earth Magic
  4991 | D:6      | Reached * piety under Vehumet
  4991 | D:6      | Offered knowledge of Foxfire by Vehumet.
  4998 | D:6      | Learned a level 1 spell: Foxfire
  5174 | D:6      | Found a sand-covered staircase.
  5191 | Ossuary  | Entered an ossuary
  5277 | Ossuary  | Reached skill level 5 in Stealth
  5350 | Ossuary  | Reached skill level 8 in Earth Magic
  5354 | Ossuary  | Reached skill level 5 in Dodging
  5508 | Ossuary  | Reached XP level 9. HP: 31/46 MP: 9/21
  5811 | Ossuary  | Reached skill level 1 in Fire Magic
  6058 | Ossuary  | Offered knowledge of Magic Dart by Vehumet.
  6085 | Ossuary  | Reached ** piety under Vehumet
  6749 | D:7      | Identified the "Ycuxkiadgh"
  6749 | D:7      | Identified the "Acweka"
  6749 | D:7      | Noticed Jeremiah
  7140 | D:7      | Reached skill level 9 in Earth Magic
  7264 | D:7      | Reached skill level 5 in Conjurations
  7387 | D:7      | Found a bloodstained altar of Trog.
  7408 | D:7      | Found a shimmering blue altar of Sif Muna.
  7493 | D:7      | Killed Jeremiah
  7501 | D:7      | Noticed Dowan
  7502 | D:7      | Noticed Duvessa
  7507 | D:7      | Killed Dowan
  7508 | D:7      | Reached XP level 10. HP: 51/51 MP: 12/23
  7516 | D:7      | Killed Duvessa
  7696 | D:7      | Noticed Maggie
  7705 | D:7      | Killed Maggie
  7877 | D:8      | Offered knowledge of Poisonous Vapours by Vehumet.
  8146 | D:8      | Found Caqak's Magic Scroll Boutique.
  8173 | D:8      | Bought a scroll of identify for 30 gold pieces
  8173 | D:8      | Bought a scroll of poison for 60 gold pieces
  8173 | D:8      | Bought a scroll of teleportation for 45 gold pieces
  8191 | D:8      | You fall into a shaft and drop 1 floor!
  8191 | D:9      | Found a staircase to the Orcish Mines.
  8233 | D:9      | Found a flagged portal.
  8239 | D:9      | Reached *** piety under Vehumet
  8257 | Bailey   | Entered a bailey
  8473 | Bailey   | Offered knowledge of Airstrike by Vehumet.
  8606 | Bailey   | Noticed a vault guard
  8606 | Bailey   | Noticed Prince Ribbit
  8612 | Bailey   | Killed Prince Ribbit
  8642 | Bailey   | Killed a vault guard
  8643 | Bailey   | Reached skill level 5 in Evocations
  8785 | Bailey   | Noticed a vault guard
  8806 | Bailey   | Killed a vault guard
  8807 | Bailey   | Reached skill level 10 in Earth Magic
  8807 | Bailey   | Reached skill level 5 in Shapeshifting
  9082 | D:8      | Noticed a two-headed ogre
  9091 | D:8      | Killed a two-headed ogre
  9092 | D:8      | Reached XP level 11. HP: 55/55 MP: 13/26
  9098 | D:8      | Found a basalt altar of Yredelemnul.
  9454 | D:8      | Found a sacrificial altar of Ru.
  9534 | D:8      | Reached **** piety under Vehumet
  9787 | D:4      | Killed Kurtz's ghost
  9881 | D:4      | Offered knowledge of Iskenderun's Battlesphere by Vehumet.
  9888 | D:4      | Learned a level 5 spell: Iskenderun's Battlesphere
 10193 | D:9      | Reached skill level 1 in Necromancy
 10270 | D:9      | Noticed a two-headed ogre
 10275 | D:9      | Killed a two-headed ogre
 10614 | D:9      | Found a stormy altar of Qazlal.
 11089 | D:9      | Found a snail-covered altar of Cheibriados.
 11381 | D:10     | Entered Level 10 of the Dungeon
 11381 | D:10     | Noticed a two-headed ogre
 11386 | D:10     | Killed a two-headed ogre
 11633 | D:10     | Noticed Sonja
 11649 | D:10     | Killed Sonja
 11650 | D:10     | Reached skill level 11 in Earth Magic
 11848 | D:10     | Identified a scroll of acquirement
 11943 | D:10     | Noticed Harold
 11953 | D:10     | Killed Harold
 11954 | D:10     | Reached skill level 10 in Spellcasting
 11972 | D:10     | Noticed Urug
 11979 | D:11     | Upgraded the game from 0.31-a0-931-g7b59d4eb97 to
                  | 0.31-a0-940-gdaa99269f9
 12230 | D:10     | Upgraded the game from 0.31-a0-940-gdaa99269f9 to
                  | 0.31-a0-949-g57150269e1
 12269 | D:10     | Killed Urug
 12270 | D:10     | Reached skill level 1 in Fighting
 12270 | D:10     | Reached XP level 12. HP: 42/60 MP: 22/28
 12363 | D:10     | Noticed Josephine
 13209 | D:11     | Acquired 673 gold pieces
 13255 | D:11     | Identified the "Ischouner" (You acquired it on level 11 of
                  | the Dungeon)
 13255 | D:11     | Acquired 1142 gold pieces
 13362 | D:11     | Found a staircase to the Lair.
 13633 | Lair:1   | Entered Level 1 of the Lair of Beasts
 13662 | D:11     | HP: 3/60 [blink frog (14)]
 13666 | D:11     | Mangled by a blink frog

Illustrated notes

Levels and vault maps discovered:
D:1:      orjb1_lava_funnel, layout_loops_ring
D:2:      layout_loops_ring, minmay_surrounded
D:3:      layout_loops_corners, serial_shops, shop
D:4:      layout_cave_pools, gammafunk_ghost_icy, serial_shops,
          nicolae_shop_tiny_statue_garden, nicolae_shop_peninsula,
          nicolae_wormholes
D:5:      layout_basic, minmay_temple_entry_nine_rooms
D:6:      minmay_angry_zag, layout_rooms, nicolae_ossuary_entry_catacombs
D:7:      layout_basic, nzn_overflow_gifts_of_might_and_magic, uniq_maggie,
          uniq_jeremiah, uniq_duvessa
D:8:      layout_rooms, nicolae_ru_great_annihilating_truth,
          yredelemnul_altar_generic, serial_shops, shop
D:9:      layout_loops_ring, nicolae_qazlal_style_of_elements,
          mainiacjoe_overflow_paths, orc_0_dummy, enter_bailey_4
D:10:     layout_gridville, uniq_josephine, uniq_urug, uniq_harold, uniq_sonja
D:11:     nicolae_cairo_tiling_large, layout_loops_corners
Temple:   lightli_temple_of_artemis
Lair:1:   layout_cave_pods, ebering_ghost_xom, grunt_megastairs_4,
          lemuel_fruit_tree, uniq_fannar, uniq_grum

Skill      XL: |  1  2  3  4  5  6  7  8  9 10 11 12 |
---------------+-------------------------------------+-----
Earth Magic    | 4 5 6 8 9 10 11 | 11.4
Stealth        | 3 4 5 6 |  6.7
Dodging        | 3 4 5 6 7 8 |  8.8
Spellcasting   | 4 5 6 7 9 10 | 10.2
Conjurations   | 1 2 3 5 7 8 9 |  9.1
Short Blades   | 1 2 3 |  3.1
Evocations     | 1 2 4 5 6 |  6.0
Shapeshifting  | 1 2 3 5 6 |  6.7
Fire Magic     | 1 2 3 |  3.0
Necromancy     | 3 |  3.8
Fighting       | 1 |  1.0
Transmutations | |  1.9

Action                     |  1- 3 |  4- 6 |  7- 9 | 10-12 || total
---------------------------+-------+-------+-------+-------++-------
  Melee: Dagger            |    12 |    53 |    71 |   113 ||   249
         Punch             |       |     2 |       |     5 ||     7
   Cast: Sandblast         |    30 |    50 |    47 |     8 ||   135
         Passwall          |     5 |    10 |     3 |     3 ||    21
         Stone Arrow       |       |    18 |    95 |   134 ||   247
         Foxfire           |       |       |    63 |   170 ||   233
         Brom's Barrelling |       |       |     8 |    11 ||    19
         Petrify           |       |       |     2 |     6 ||     8
         Iskenderun's Batt |       |       |       |     3 ||     3
  Evoke: Wand              |       |       |       |     1 ||     1
    Use: Scroll            |       |       |     4 |     8 ||    12
         Potion            |       |       |     2 |     1 ||     3
   Stab: Sleeping          |     3 |    11 |     6 |     9 ||    29
         Petrified         |       |       |     7 |    11 ||    18
         Petrifying        |       |       |       |     2 ||     2
 Armour: Robe              |     7 |    21 |    51 |     1 ||    80
         Steam dragon scal |       |       |       |    88 ||    88
  Dodge: Dodged            |    10 |    38 |   137 |   193 ||   378

Table legend: (Time is in decaauts)
 A = Elapsed time spent in this place.
 B = Non-inter-level travel time spent in this place.
 C = Inter-level travel time spent in this place.
 D = Time resting spent in this place.
 E = Time spent auto-exploring this place.
 F = Levels seen in this place.
 G = Mean time per level.
                   A        B        C        D        E       F      G
               +--------+--------+--------+--------+--------+-----+--------+
         Total |  13734 |  13107 |    627 |   1918 |   8196 |  15 |  915.6 |
       Dungeon |  11506 |  10905 |    601 |    884 |   7573 |  11 | 1046.0 |
        Temple |     86 |     61 |     25 |      0 |     36 |   1 |   86.0 |
          Lair |     26 |     26 |      0 |      0 |      0 |   1 |   26.0 |
       Ossuary |   1333 |   1333 |      0 |    702 |    417 |   1 | 1333.0 |
        Bailey |    781 |    781 |      0 |    332 |    170 |   1 |  781.0 |
               +--------+--------+--------+--------+--------+-----+--------+

Top non-repeatable levels by time:
 Ossuary: 1333 daAuts
     D:9: 1331 daAuts
     D:4: 1311 daAuts
    D:11: 1302 daAuts
     D:7: 1162 daAuts
     D:3: 1078 daAuts
     D:5: 1009 daAuts
     D:8: 967 daAuts
    D:10: 954 daAuts
     D:6: 870 daAuts
  Bailey: 781 daAuts
     D:2: 768 daAuts
     D:1: 750 daAuts
  Temple: 86 daAuts
  Lair:1: 26 daAuts
